 Dungeon Crawl Stone Soup version 0.25-a0-578-gc91f01c (webtiles) character file.

Game seed: 8415254846555170201, levelgen mode: deterministic

342 Faca the Cutter (level 6, -3/45 HPs)
             Began as a Halfling Abyssal Knight on Mar 5, 2020.
             Was a Believer of Lugonu.
             Slain by a centaur (7 damage)
             ... on level 4 of the Dungeon.
             The game lasted 00:11:24 (4807 turns).

Faca the Cutter (Halfling Abyssal Knight)           Turns: 4807, Time: 00:11:25

Health: -3/45      AC:  8    Str: 12 (15) XL:     6   Next: 88%
Magic:  7/7        EV: 11    Int:  9 (10) God:    Lugonu [**....]
Gold:   154        SH:  0    Dex: 12 (14) Spells: 5/5 levels left

rFire    + . .     SeeInvis .   a - +1 short sword
rCold    . . .     Gourm    .   (shield restricted)
rNeg     . . .     Faith    .   p - +0 scale mail
rPois    .         Spirit   .   t - +1 helmet
rElec    .         Reflect  .   (no cloak)
rCorr    .         Harm     .   (no gloves)
MR       .....                  (no boots)
Stlth    ..........             (no amulet)
HPRegen  0.15/turn              b - ring of flight
MPRegen  0.10/turn              r - ring of protection from fire

@: stab
A: small, mutation resistance 1
a: Depart the Abyss, Bend Space, Renounce Religion, Evoke Flight


You were on level 4 of the Dungeon.
You worshipped Lugonu.
Lugonu was pleased with you.
You were very hungry.

You visited 1 branch of the dungeon, and saw 4 of its levels.
You visited the Abyss 1 time.

You collected 154 gold pieces.

Inventory:

Hand Weapons
 a - a +1 short sword (weapon)
 j - a +1 short sword of draining
Missiles
 h - 10 poisoned darts (quivered)
Armour
 p - a +0 scale mail (worn)
 t - a +1 helmet (worn)
 v - a +0 kite shield
Jewellery
 b - a ring of flight (left hand)
 r - a ring of protection from fire (right hand)
Wands
 q - a wand of iceblast (2)
Scrolls
 f - 4 scrolls of teleportation
Potions
 d - 2 potions of berserk rage
 e - 2 potions of flight
 i - 2 potions of lignification {unknown}
 k - 2 potions of resistance
 l - a potion of mutation {unknown}
 m - a potion of heal wounds {unknown}
 n - a potion of curing {unknown}
Comestibles
 c - 8 rations


   Skills:
 + Level 4.9 Fighting
 + Level 6.0 Short Blades
 - Level 2.1 Armour
 - Level 1.1 Dodging
 - Level 2.0 Invocations


You had 5 spell levels left.
You didn't know any spells.
Your spell library was empty.

Dungeon Overview and Level Annotations

Branches:
Dungeon (4/15)
 Temple: D:4-7

Altars:
Fedhas

Annotations:
D:2 exclusion: oklob plant


Innate Abilities, Weirdness & Mutations

You are small and have problems with some larger weapons.
You are somewhat resistant to further mutation.


Message History

The centaur misses you. The centaur closely misses you.
You hit the centaur.
The centaur is severely wounded.
The centaur hits you but does no damage.
You hit the centaur.
The centaur is severely wounded.
The centaur completely misses you.
You closely miss the centaur.
The centaur is severely wounded.
The centaur misses you.
You closely miss the centaur.
The centaur is severely wounded.
The centaur hits you but does no damage.
You hit the centaur.
The centaur is severely wounded.
The centaur closely misses you. The centaur barely misses you.
You hit the centaur.
The centaur is almost dead.
The centaur hits you!
You die...

...# .... .(# ..#
#.#.# #.#.# #.#(#
# #.# #.#c# # #.#
#.#@# # #.# #.#.#
# #.# #.#.# #
#.#######.#.# #
#..........(#
######.....####.##
........<..# #.#
..####.....# #.#
...........####.#


You could see a centaur.

Vanquished Creatures
  A scorpion (D:4)
  2 hounds (D:4)
  Terence (D:2)
  Robin (D:3)
  11 adders
  4 worms
  2 dart slugs
  4 leopard geckos
  6 orcs (D:3)
  A giant cockroach (D:2)
  13 goblins
  13 hobgoblins
  7 bats
  6 frilled lizards
  6 kobolds
  8 rats
86 creatures vanquished.

Notes
Turn   | Place    | Note
-------+----------+-------------------------------------------
     0 | Abyss:1  | Faca the Halfling Abyssal Knight began the quest for the
                  | Orb.
     0 | Abyss:1  | Reached XP level 1. HP: 15/15 MP: 2/2
    33 | Abyss:1  | Noticed a ghost moth zombie
    37 | D:1      | Escaped the Abyss
   168 | D:1      | Reached * piety under Lugonu
   168 | D:1      | Reached XP level 2. HP: 16/20 MP: 3/3
   247 | D:1      | Reached skill level 3 in Short Blades
   731 | D:2      | Reached XP level 3. HP: 24/26 MP: 4/4
  1240 | D:2      | Reached XP level 4. HP: 29/31 MP: 5/5
  1482 | D:2      | Reached skill level 4 in Short Blades
  2425 | D:2      | Noticed Terence
  2448 | D:2      | Reached ** piety under Lugonu
  2448 | D:2      | Reached XP level 5. HP: 29/37 MP: 6/6
  2474 | D:2      | Killed Terence
  2777 | D:2      | Found a blossoming altar of Fedhas.
  2788 | D:2      | Noticed an oklob plant
  3476 | D:3      | Reached skill level 5 in Short Blades
  4061 | D:3      | Reached XP level 6. HP: 38/44 MP: 7/7
  4112 | D:3      | Noticed Robin
  4129 | D:3      | Killed Robin
  4778 | D:4      | Reached skill level 6 in Short Blades
  4807 | D:4      | Slain by a centaur

Levels and vault maps discovered:
D:1:      sevenhm_arrival_forest_fort_small_4, layout_rooms, serial_curves,
          eino_curves_01, eino_curves_01, eino_curves_01
D:2:      minmay_chambers_of_ones, layout_basic, serial_forest,
          infiniplex_forest_clump_tiny, infiniplex_forest_end_3,
          infiniplex_forest_straight_4, infiniplex_forest_straight_5,
          infiniplex_forest_lined_2, tgw_fedhas, uniq_terence
D:3:      layout_basic, uniq_robin
D:4:      layout_loops_ring, gammafunk_ghost_grave, serial_shops, shop

Skill      XL: |  1  2  3  4  5  6 |
---------------+-------------------+-----
Fighting       | 3 4 |  4.9
Short Blades   | 3 4 5 6 |  6.0
Armour         | |  2.1
Dodging        | |  1.1
Invocations    | |  2.0

Action                   |  1- 3 |  4- 6 || total
-------------------------+-------+-------++-------
Melee: Short sword       |    99 |   347 ||   446
Throw: Dart              |       |     3 ||     3
Invok: Depart the Abyss  |     1 |       ||     1
  Use: Scroll            |       |     7 ||     7
       Potion            |       |     2 ||     2
  Eat: Chunk             |     1 |     7 ||     8
       Ration            |       |     1 ||     1
Armor: Leather armour    |    23 |    19 ||    42
       Scale mail        |       |    59 ||    59
Dodge: Dodged            |    62 |   170 ||   232

Table legend:
 A = Non-vault XP
 B = Vault XP
 C = Vault XP percentage of total XP
 D = Non-vault monster count
 E = Vault monster count
 F = Vault count percentage of total count
                 A         B        C        D         E       F
            +---------+---------+-------+---------+---------+-------
      Total |     385 |     104 |  21.3 |      68 |      18 |  20.9
            +---------+---------+-------+---------+---------+-------
        D:1 |      27 |       0 |   0.0 |      19 |       0 |   0.0
        D:2 |      86 |      67 |  43.8 |      22 |       6 |  21.4
        D:3 |     121 |      37 |  23.4 |      24 |      12 |  33.3
        D:4 |     151 |       0 |   0.0 |       3 |       0 |   0.0
            +---------+---------+-------+---------+---------+-------
